 Dungeon Crawl Stone Soup version 0.29-a0-825-g72347fce65 (webtiles) character file.

Game seed: 3090292330967812382

343126 EnegeticOcto the Eviscerator (level 21, -18/159 HPs)
             Began as a Felid Conjurer on July 11, 2022.
             Was the Champion of Qazlal.
             Demolished by Vv (64 damage)
             ... on level 3 of the Depths.
             The game lasted 01:50:14 (64931 turns).

EnegeticOcto the Eviscerator (Felid Conjurer)      Turns: 64931, Time: 01:50:14

Health: -18/159    AC: 16    Str: 19    XL:     21   Next: 12%
Magic:  27/39      EV: 17    Int: 34    God:    Qazlal [******]
Gold:   338        SH:  8    Dex: 16    Spells: 11/46 levels left
                                        Lives:  0   Deaths: 4

rFire   + + +      SeeInvis +     - Unarmed
rCold   . . .      Faith    .   (shield unavailable)
rNeg    + + +      Spirit   .   (body armour unavailable)
rPois   +          Reflect  .   (helmet unavailable)
rElec   .          Harm     .   (cloak unavailable)
rCorr   .          Rampage  .   (gloves unavailable)
Will    ++++.                   (boots unavailable)
Stlth   +.........              H - amulet of the Little Devil {RegenMP rN+++ Int+2 Dex-3 Stlth+}
HPRegen 0.36/turn               g - ring "Duygof" {+Blink rF+ Will+}
MPRegen 0.66/turn               w - ring of Okawaru's Supremacy {rPois Str+6 Int+6}

@: dragon-form, frozen, protected from cold, flying, repel missiles, very slow
A: dragon claw, dragon scales, breathe fire, flying, boosted hp, giant, (claws
1), (fangs 3), see invisible, (speed 1), (shaggy fur 3), (stealthy paws), no
weapons or thrown items, no armour, multi-lived
}: 2/15 runes: serpentine, barnacled
a: Breathe Fire, End Transformation, Renounce Religion, Evoke Blink, Upheaval,
Elemental Force, Disaster Area


You were on level 3 of the Depths.
You worshipped Qazlal.
Qazlal was exalted by your worship.
You were a fearsome dragon!
You visited 9 branches of the dungeon, and saw 42 of its levels.
You visited the Abyss 1 time.
You visited 1 bazaar.
You also visited: Gauntlet, Ice Cave and Wizlab.

You collected 8384 gold pieces.
You spent 8046 gold pieces at shops.

Inventory:

Hand Weapons
 R - the +5 scythe "Finisher" {speed, eviscerate}
   (You took it off a deep elf zephyrmancer on level 3 of the Elven Halls)

   Attacks with this weapon are significantly faster.
   It may eviscerate those it strikes, slaying them instantly, with a decreasing
   chance against stronger foes.
Armour
 U - the +4 moon troll leather armour {Spirit, Regen++ MP+5}
   (You took it off a moon troll in a wizard's laboratory)

   MP:        It affects your magic capacity (+5).
   Regen:     It increases your rate of health regeneration.
Jewellery
 g - the ring "Duygof" (left foreclaw) {+Blink rF+ Will+}
   (You found it in a Gauntlet)

   [ring of willpower]

   rF:        It protects you from fire.
   +Blink:    It lets you blink.
   Will:      It increases your willpower.
 p - a +4 ring of protection
   (You took it off a gnoll sergeant on level 5 of the Dungeon)
 w - the ring of Okawaru's Supremacy (right foreclaw) {rPois Str+6 Int+6}
   (You bought it in a shop on level 8 of the Dungeon)

   [ring of intelligence]

   Str:       It affects your strength (+6).
   Int:       It affects your intelligence (+6).
   rPois:     It protects you from poison.
 H - the amulet of the Little Devil (around neck) {RegenMP rN+++ Int+2 Dex-3 Stlth+}
   (You bought it in a shop on level 15 of the Dungeon)

   [amulet of magic regeneration]

   It increases your rate of magic regeneration.
   Int:       It affects your intelligence (+2).
   Dex:       It affects your dexterity (-3).
   rN:        It renders you almost immune to negative energy.
   Stlth:     It makes you more stealthy.
 K - a +4 ring of evasion
   (You found it on level 6 of the Lair of Beasts)
 M - the ring of Suicidal Tendencies {rPois rF+ rN+ Will+ Dex-3}
   (You bought it in a shop on level 2 of the Snake Pit)

   [ring of poison resistance]

   Dex:       It affects your dexterity (-3).
   rF:        It protects you from fire.
   rPois:     It protects you from poison.
   rN:        It protects you from negative energy.
   Will:      It increases your willpower.
 O - the ring "Kacojech" {rF++ MP+9}
   (You took it off a deep elf master archer on level 3 of the Elven Halls)

   [ring of magical power]

   rF:        It greatly protects you from fire.
   MP:        It affects your magic capacity (+9).
 V - the ring "Ryegosing" {Fly MP+9 Int+5}
   (You found it in a wizard's laboratory)

   [ring of magical power]

   Int:       It affects your intelligence (+5).
   MP:        It affects your magic capacity (+9).
   Fly:       It grants you flight.
Wands
 k - a wand of mindburst (17)
   (You found it on level 3 of the Elven Halls)
 l - a wand of roots (33)
   (You bought it in a shop on level 1 of the Dungeon)
 u - a wand of polymorph (18)
   (You took it off an orc on level 8 of the Dungeon)
 B - a wand of paralysis (41)
   (You found it on level 10 of the Dungeon)
 D - a wand of flame (34) {@v4}
   (You took it off a kobold brigand on level 11 of the Dungeon)
 I - a wand of acid (12) {@v1}
   (You found it in a Gauntlet)
 T - a wand of digging (7) {@v3}
   (You found it in a wizard's laboratory)
Scrolls
 d - 15 scrolls of fog {!r}
 f - 11 scrolls of blinking {@r4}
 j - 8 scrolls of immolation
 n - 16 scrolls of teleportation {@r3 !r}
 s - 2 scrolls of summoning
 t - 3 scrolls of vulnerability
 v - 10 scrolls of poison
 x - 4 scrolls of fear {!r}
 z - 2 scrolls of silence
 E - 6 scrolls of magic mapping {@r5 !r}
Potions
 a - 8 potions of magic
 b - 28 potions of curing {@q1 !q}
 c - 11 potions of haste {@q4 !q}
 e - 4 potions of lignification {@q6}
 h - 9 potions of brilliance
 i - 9 potions of mutation
 m - 3 potions of attraction
 o - a potion of heal wounds {@q2 !q}
 q - 5 potions of invisibility
 r - 10 potions of might {@q3 !q}
 A - 2 potions of resistance
 C - 5 potions of cancellation
 G - 2 potions of berserk rage
 J - 2 potions of ambrosia
 P - 3 potions of flight
Miscellaneous
 y - a phantom mirror
   (You found it on level 3 of the Shoals)
 F - a condenser vane
   (You found it on level 2 of the Lair of Beasts)
 L - a lightning rod (4/4)
   (You found it on level 2 of the Depths)
 N - a phial of floods
   (You found it on level 1 of the Snake Pit)
 S - a box of beasts
   (You found it on level 3 of the Elven Halls)


   Skills:
 + Level 18.5 Fighting
 - Level 20.0 Dodging
 - Level 5.0 Stealth
 + Level 21.7 Unarmed Combat
 - Level 13.0 Spellcasting
 - Level 8.0 Conjurations
 - Level 7.0 Hexes
 - Level 10.0 Translocations
 - Level 15.0 Transmutations
 - Level 2.3 Ice Magic
 - Level 15.0 Air Magic
 - Level 14.0 Invocations
 + Level 11.2 Evocations


You had 11 spell levels left.
You knew the following spells:

 Your Spells              Type           Power      Damage    Failure   Level
a - Manifold Assault      Tloc           74%        N/A       1%          5
b - Storm Form            Tmut/Air       44%        N/A       3%          7
c - Wereblood             Tmut           89%        N/A       0%          2
e - Fulminant Prism       Conj/Hex       32%        3d16      1%          4
f - Ozocubu's Armour      Ice            38%        N/A       2%          3
g - Dragon Form           Tmut           44%        N/A       3%          7
z - Irradiate             Conj/Tmut      39%        3d26      1%          5
Y - Blink                 Tloc           100%       N/A       1%          2

Your spell library contained the following spells:

 Spells                   Type           Power      Damage    Failure   Level
 Swiftness                Air            89%        N/A       0%          3
 Apportation              Tloc           100%       N/A       1%          1
 Foxfire                  Conj/Fire      100%       2x1d9     1%          1
 Freeze                   Ice            100%       1d11      1%          1
 Magic Dart               Conj           100%       1d8       1%          1
 Necrotise                Necr           88%        1d8       1%          1
 Sandblast                Erth           44%        2d11      1%          1
 Shock                    Conj/Air       100%       1d9       1%          1
 Sting                    Tmut/Pois      100%       1d8       1%          1
 Summon Small Mammal      Summ           88%        N/A       1%          1
 Passwall                 Tmut/Erth      53%        N/A       1%          2
 Poisonous Vapours        Pois/Air       100%       N/A       1%          2
 Searing Ray              Conj           100%       2d8       1%          2
 Static Discharge         Conj/Air       79%        3-13/arc  1%          2
 Confusing Touch          Hex            62%        N/A       1%          3
 Conjure Flame            Conj/Fire      49%        6-21      1%          3
 Dazzling Flash           Conj/Hex       100%       N/A       1%          3
 Ignite Poison            Fire/Tmut/Pois 54%        N/A       1%          3
 Inner Flame              Hex/Fire       45%        N/A       1%          3
 Lesser Beckoning         Tloc           74%        N/A       1%          3
 Mephitic Cloud           Conj/Pois/Air  65%        N/A       1%          3
 Stone Arrow              Conj/Erth      98%        3d13      1%          3
 Summon Guardian Golem    Hex/Summ       45%        N/A       1%          3
 Airstrike                Air            44%        0-14+     1%          4
 Iskenderun's Mystic Bla  Conj/Tloc      70%        2d14      1%          4
 Passage of Golubria      Tloc           74%        N/A       1%          4
 Petrify                  Tmut/Erth      64%        N/A       1%          4
 Summon Lightning Spire   Summ/Air       64%        N/A       1%          4
 Blade Hands              Tmut           44%        N/A       1%          5
 Freezing Cloud           Conj/Ice/Air   34%        6-21      1%          5
 Iskenderun's Battlesphe  Conj           66%        2d12      1%          5
 Lightning Bolt           Conj/Air       39%        1d58      1%          5
 Silence                  Hex/Air        38%        N/A       1%          5
 Frozen Ramparts          Ice            76%        1d9       2%          3
 Hailstorm                Conj/Ice       55%        3d12      2%          4
 Conjure Ball Lightning   Conj/Air       39%        3x3d13    2%          6
 Sublimation of Blood     Necr           22%        N/A       3%          2
 Flame Wave               Conj/Fire      49%        2d10      3%          4
 Sticky Flame             Conj/Fire      49%        2d7       3%          4
 Call Canine Familiar     Summ           22%        N/A       6%          3
 Vampiric Draining        Necr           22%        2d7       6%          3
 Summon Forest            Summ/Tloc      27%        N/A       7%          5
 Metabolic Englaciation   Hex/Ice        26%        N/A       8%          5
 Fireball                 Conj/Fire      24%        3d11      11%         5
 Summon Mana Viper        Hex/Summ       45%        N/A       13%         5
 Eringya's Noxious Bog    Tmut/Pois      32%        N/A       14%         6
 Olgreb's Toxic Radiance  Pois           22%        N/A       19%         4
 Maxwell's Capacitive Co  Air            44%        ∞         26%         8
 Agony                    Necr           22%        N/A       47%         5
 Orb of Destruction       Conj           33%        9d10      52%         7
 Enfeeble                 Hex            31%        N/A       67%         7
 Simulacrum               Ice/Necr       15%        N/A       88%         6
 Malign Gateway           Summ/Tloc      27%        N/A       91%         7
 Ozocubu's Refrigeration  Ice            19%        4d8       99%         7
 Necromutation            Tmut/Necr      32%        N/A       99%         8
 Summon Hydra             Summ           11%        N/A       100%        7
 Ignition                 Fire           11%        3d5       100%        8
 Lehudib's Crystal Spear  Conj/Erth      24%        10d7      100%        8
 Summon Horrible Things   Summ           11%        N/A       100%        8
 Polar Vortex             Ice            19%        N/A       100%        9


Dungeon Overview and Level Annotations

Branches:
Dungeon (15/15) Zot: 23941  Temple (1/1) D:6 Zot: 5957    Lair (6/6) D:8 Zot: 24326
 Shoals (4/4) Lair:4 Zot: 19403   Snake (4/4) Lair:2 Zot: 18117   Slime (0/5) Lair:5
    Orc (2/2) D:11 Zot: 9582     Elf (3/3) Orc:2 Zot: 14811  Vaults (4/5) D:13 Zot: 16457
  Crypt (0/3) Vaults:3     Depths (3/4) D:15 Zot: 25820   IceCv (visited)
 WizLab (visited)         Gauntlet (visited)

Altars:
Ashenzari
Cheibriados
Dithmenos
Gozag
Kikubaaqudgha
Makhleb
Nemelex Xobeh
Okawaru
Qazlal
Trog
Xom
Yredelemnul
Zin
The Shining One
Jiyva

Shops:
D:1 *   D:6 :   D:8 =   D:15 =   Orc:1 (   Orc:2 *=*(   Elf:1 =(=*(   Elf:2 *
Shoals:2 **=   Shoals:3 =   Snake:1 :(   Snake:2 ==(   Snake:4 [   Depths:3 *

Portals:
Hell: Depths:1 Depths:2 Depths:3
Abyss: Depths:1 Depths:3
Ziggurat: Depths:1
Trove: Vaults:3 (show abyssal rune of Zot)

Annotations:
D:4 2 transporters, crawlogic's ghost, amateur DsBe
Lair:4 2 transporters, Konu's ghost, journeyman TeCj
Elf:2 6 runed translucent doors, exclusion: obsidian statue, Tiorril's ghost, adept GrEE
Depths:3 Vv


Innate Abilities, Weirdness & Mutations

You are a fearsome dragon!
You have a powerful clawing attack.
Your giant scaled body is strong and resiliant, but less evasive.
You can breathe fire.
You are flying.
Your maximum health is greatly increased.
((You have sharp claws.))
((You have razor-sharp teeth.))
You have supernaturally acute eyesight. (SInv)
((You cover ground quickly. (Speed+)))
((Your thick and shaggy fur keeps you warm. (AC +3, rC+)))
((Your paws help you pounce on unaware monsters.))
You are incapable of wielding weapons or throwing items.
You cannot wear armour.
You gain extra lives every three experience levels.


Message History

Things that are here:
a +2 rapier of draining; a +0 robe; a +0 buckler
Things that are here:
a +4 quick blade; a +0 robe; a +0 buckler
Things that are here:
a +0 short sword; a +0 robe; the felid corpse of EnegeticOcto
C - 5 potions of cancellation (gained 1)
Items here: )) [[ ÷.
Vv is nearby!
Vv is nearby!
Items here: )) [[ ÷.
Your transformation is almost over.
Things that are here:
a +0 short sword; a +0 robe; the felid skeleton of EnegeticOcto
Casting: Wereblood (safe; 0% risk of failure)
Confirm with . or Enter, or press ? or * to list all spells.
You extend your transformation's duration.
Activating: Elemental Force (0% risk of failure)
Press: ? - help, Dir - look around, f - activate Clouds arounds you coalesce and take form!
What are your orders? t - Bellow!
Orders for allies: a - Attack new target. r - Retreat! s - Stop attacking. g - Guard the area. f - Follow me.
Anything else - Cancel.
Gang up on whom?
Press: ? - help, Dir - move target, f - Vv
Aim: Vv Attack!
Your air elemental fires a burst of electricity at Vv.
The stunning burst hits Vv but does no damage.
Your air elemental fires a burst of electricity at Vv.
The stunning burst hits Vv.
Vv resists.
Vv calls freezing cold from the walls.
The frost grips you!
You feel protected from cold.
You are encased in ice.
The frost grips your fire elemental!!!
Your fire elemental is frozen!
Your fire elemental is destroyed!
Your fire elemental disappears in a puff of smoke!
The frost grips your water elemental!! The frost grips your fire elemental!!
Your fire elemental is frozen!
Your fire elemental is destroyed!
Your fire elemental disappears in a puff of smoke!
Your air elemental fires a burst of electricity at Vv.
The stunning burst hits Vv.
Vv resists.
Your air elemental hits Vv but does no damage.
Your air elemental hits Vv but does no damage. x2
Your air elemental fires a burst of electricity at Vv.
The stunning burst hits Vv!
Vv resists.
Vv hits your water elemental!!
Your water elemental is destroyed!
Your water elemental disappears in a puff of smoke!
Your air elemental misses Vv.
Your air elemental fires a burst of electricity at Vv.
The stunning burst hits Vv.
Vv resists.
Vv hits your fire elemental but does no damage.
Vv hits your fire elemental!!
Your fire elemental is engulfed in flames.
Your fire elemental completely resists.
Your fire elemental barely misses Vv.
Things that are here:
a +4 quick blade; a +0 robe; a +0 buckler You swap places.
Your air elemental hits Vv but does no damage. x4
Your air elemental fires a burst of electricity at Vv.
The stunning burst hits Vv but does no damage.
Vv hits your air elemental! Vv freezes your air elemental!!!
Your air elemental is destroyed!
Your air elemental disappears in a puff of smoke!
Your air elemental barely misses Vv.
You batter Vv!!
Vv is lightly damaged.
Your fire elemental disappears in a puff of smoke!
Your air elemental closely misses Vv.
Vv misses you. x2
Your air elemental fires a burst of electricity at Vv.
The stunning burst hits Vv.
Vv resists.
You batter Vv!! You punch Vv!
Vv is moderately damaged.
Your air elemental closely misses Vv.
You blast Vv!!!
Vv is heavily damaged.
The ice encasing you melts away.
Your air elemental disappears in a puff of smoke!
Vv calls freezing cold from the walls.
The frost grips you!! You partially resist.
You are encased in ice.
Casting: Storm Form (dangerous; 3% risk of failure)
Confirm with . or Enter, or press ? or * to list all spells.
Your transformation has ended.
You turn into a fearsome dragon!
Vv hits you!! Vv freezes you!!
* * * LOW HITPOINT WARNING * * *
Vv completely misses you.
Okay, then.
Really quaff
o - 2 potions of heal wounds {@q2 !q}?
You feel much better. Vv hits you!!
* * * LOW HITPOINT WARNING * * *
Vv freezes you!!!
You die...

#...........'...#
#.# ♣.♣ ♣♣♣
#...........###.#
#.# ♣.♣♣
#...........###'##
#.# ♣..♣
.........###....#
#.# ♣♣.♣ ≈...:...#
#..).# #9# ♣♣.♣
≈...... #..))# #.#
♣.♣♣ ..^... #..°○#
#.# ♣♣.♣♣ .....
#...)# #.## ♣♣.♣
#...D# #..# ♣.♣
#..§9####.# ♣.♣
#....).)..# ♣.♣
#########.# ♣.♣
#.# ♣)♣♣ #.# ♣♣.♣♣
#.# ♣♣.♣
#...#####.###
###..........


You could see Vv.

Vanquished Creatures
  Mennas (Vaults:2)
  2 juggernauts
  Bai Suzhen (Shoals:3)
  Frederick (Depths:3)
  Vashnia (Snake:2)
  Saint Roka (Vaults:2)
  Nikola (Snake:4)
  2 golden dragons
  Mlioglotl (Snake:1)
  Rupert (D:12)
  3 deep elf master archers (Elf:3)
  Asterion (Vaults:2)
  6 liches
  A moon troll (WizLab)
  A walking divine tome (Depths:2)
  3 deep elf blademasters (Elf:3)
  A walking frostbound tome (Depths:2)
  Frances (D:12)
  Polyphemus (Shoals:3)
  5 sphinxes
  A tengu reaver (Depths:2)
  10 tentacled starspawn (WizLab)
  A shadow dragon (Abyss:3)
  A storm dragon (Shoals:4)
  8 fire giants
  7 nagarajas (Snake:4)
  5 frost giants
  7 deep elf sorcerers
  12 vault wardens
  A caustic shrike zombie (D:15)
  Louise (Snake:2)
  A cacodemon (WizLab)
  3 orc warlords
  7 spriggan defenders (Depths:3)
  A draconian annihilator (Abyss:3)
  3 deep elf elementalists (Elf:3)
  14 ironbound preservers
  4 war gargoyles
  12 ironbound thunderhulks
  40 very ugly things
  14 stone giants
  A vampire knight (Depths:3)
  3 deep elf demonologists (Elf:3)
  15 dire elephants (Vaults:2)
  9 deep elf annihilators
  3 entropy weavers
  A minotaur (Gauntlet)
  3 spark wasps (Depths:2)
  5 crystal guardians
  6 deep elf death magi
  7 fire dragons
  6 merfolk javelineers (Shoals:4)
  A green death (Gauntlet)
  7 ettins
  9 merfolk impalers
  9 great orbs of eyes
  4 deep elf high priests
  4 rakshasas
  5 yaktaur captains
  13 boulder beetles
  9 vault guards
  5 ice dragons
  A catoblepas (Shoals:4)
  2 peacekeepers
  12 ironbound frosthearts
  5 hydras
  3 spriggan air magi
  An ogre mage (Orc:2)
  9 centaur warriors
  A satyr (Shoals:3)
  15 two-headed ogres
  4 anacondas
  5 tengu warriors
  2 deep troll shamans (Depths:2)
  9 merfolk aquamancers
  2 death knights
  15 dancing weapons
  14 naga warriors
  12 death yaks
  5 orc high priests
  2 deep troll earth magi (Depths:3)
  12 spriggans
  5 hell hogs (Depths:1)
  2 thrashing horrors (Abyss:3)
  7 shock serpents
  22 naga sharpshooters
  5 spriggan berserkers
  A fire crab (Gauntlet)
  3 sun demons (Depths:1)
  2 vampire magi
  12 deep elf knights
  34 hell knights
  A soul eater (Depths:1)
  5 skeletal warriors (D:15)
  Urug (D:10)
  2 iron trolls (Depths:2)
  5 salamander mystics
  A wretched star (Abyss:3)
  2 goliath frogs (Lair:6)
  9 glowing orange brains
  13 sea snakes
  3 spriggan druids (Depths:3)
  An orb spider (Depths:1)
  3 flayed ghosts
  An orange crystal statue (WizLab)
  44 deep trolls
  20 ironbound convokers
  7 lindwurms
  A lindwurm (shapeshifter) (Elf:1)
  8 wizards
  8 naga ritualists
  A shadow dragon zombie (Vaults:3)
  9 deep elf archers
  10 orc knights
  9 starcursed masses (WizLab)
  2 phantasmal warriors (Abyss:2)
  12 necromancers
  26 harpies
  Pikel (D:5)
  28 deep elf zephyrmancers
  10 cyclopes
  29 ugly things
  A manticore (shapeshifter) (D:13)
  An orc sorcerer (Vaults:2)
  13 fauns
  A shining eye (Gauntlet)
  A wolf spider (D:15)
  21 deep elf pyromancers
  10 mana vipers
  15 manticores
  29 salamanders
  An oklob plant (Lair:6)
  3 draconians (Abyss:3)
  A salamander (shapeshifter) (Elf:3)
  13 merfolk sirens
  20 black mambas
  4 guardian serpents
  A fire giant skeleton (D:15)
  6 elephants
  3 apocalypse crabs
  20 vault sentinels
  13 naga magi
  5 eyes of devastation (WizLab)
  An orange demon (Gauntlet)
  6 water nymphs
  3 smoke demons (Depths:1)
  A cane toad (shapeshifter) (Elf:1)
  23 cane toads
  2 gargoyles
  2 kobold demonologists (D:11)
  7 komodo dragons
  A spriggan zombie (D:15)
  28 yaktaurs
  A human zombie (Vaults:3)
  A rime drake (shapeshifter) (D:13)
  An efreet (D:14)
  A freezing wraith (Abyss:2)
  5 rime drakes
  A human skeleton (Vaults:3)
  A guardian mummy (D:15)
  2 tengu conjurers
  8 polar bears
  5 trolls
  A polar bear (shapeshifter) (Elf:3)
  3 tyrant leeches (Lair:6)
  11 hornets
  28 merfolk
  11 wind drakes
  A meliai (shapeshifter) (D:15)
  A dream sheep (shapeshifter) (D:13)
  29 blink frogs
  10 snapping turtles
  2 ettin zombies
  11 slime creatures
  19 dream sheep
  8 air elementals
  2 shadows
  2 vampires
  2 centaur simulacra (D:15)
  34 yaks
  28 water elementals
  6 wyverns
  7 fire bats
  6 wraiths
  4 basilisks
  A human (shapeshifter) (Elf:3)
  A fire elemental (Elf:3)
  6 golden eyes
  3 redbacks (Vaults:3)
  3 wargs
  A steam dragon (D:8)
  Grum (D:10)
  18 vampire mosquitoes
  3 acid dragons
  50 nagas
  8 water moccasins
  32 orc warriors
  6 black bears
  An elf simulacrum (Vaults:3)
  18 wolves
  17 ogres
  16 centaurs
  4 lemures
  A phantom (D:6)
  19 bullfrogs
  3 kobold brigands
  A gnoll sergeant (D:5)
  4 scorpions
  2 earth elementals
  16 wights
  23 killer bees
  2 howler monkeys
  2 jellies
  A gnoll bouda (Orc:1)
  25 orc priests
  A hound (D:5)
  Jessica (D:3)
  3 iguanas
  Natasha (thrice) (D:2)
  16 orc wizards
  4 yak simulacra (Lair:3)
  2 wolf simulacra (Lair:3)
  3 polar bear simulacra (Lair:3)
  Robin (D:2)
  11 adders
  14 gnolls
  A shadow imp (D:7)
  13 white imps
  2 ufetubi
  3 worms
  81 orcs
  5 bats
  9 endoplasms
  3 giant cockroaches
  10 hobgoblins
  12 kobolds
  3 quokkas
  A training dummy (Orc:1)
  7 ball pythons
  A frilled lizard (D:3)
  17 goblins
  3 rats
  2 river rat simulacra (Lair:3)
  9 starspawn tentacles (WizLab)
1846 creatures vanquished.

Vanquished Creatures (collateral kills)
  A nagaraja (Snake:4)
  A cacodemon (WizLab)
  A very ugly thing (WizLab)
  A deep elf annihilator (Elf:3)
  3 ogre magi (Orc:2)
  5 two-headed ogres (Orc:2)
  A draconian (Abyss:3)
  A black mamba (Snake:4)
  A cane toad (Lair:6)
  2 blink frogs (Lair:6)
  7 ogres (Orc:2)
  2 bullfrogs (Lair:6)
26 creatures vanquished.

Vanquished Creatures (others)
  An ice dragon (Depths:1)
  A sea snake (Shoals:1)
  A lindwurm (Vaults:1)
  A wizard (Vaults:4)
  A deep elf pyromancer (Elf:1)
  A merfolk (Shoals:4)
  A water elemental (Elf:1)
  4 demonic plants (WizLab)
  116 fulminant prisms
  23 fungi
  106 plants
  9 starspawn tentacles (WizLab)
  A withered plant (D:15)
266 creatures vanquished.

Grand Total: 2138 creatures vanquished

Notes
Turn   | Place    | Note
-------+----------+-------------------------------------------
     0 | D:1      | EnegeticOcto the Felid Conjurer began the quest for the
                  | Orb.
     0 | D:1      | Reached XP level 1. HP: 7/7 MP: 4/4
   283 | D:1      | Found Xodun's General Store.
   383 | D:1      | Reached skill level 4 in Conjurations
   510 | D:1      | Reached XP level 2. HP: 11/11 MP: 3/6
  1038 | D:2      | Learned a level 2 spell: Searing Ray
  1289 | D:1      | Bought a potion of lignification for 30 gold pieces
  1404 | D:2      | Reached XP level 3. HP: 12/14 MP: 0/7
  1749 | D:2      | Found a faded altar of an unknown god.
  1851 | D:2      | You fall into a shaft and drop 1 floor!
  1963 | D:3      | Found an iron altar of Okawaru.
  1963 | D:3      | Found a broken altar of Ashenzari.
  1980 | D:3      | Reached skill level 5 in Conjurations
  2017 | D:3      | Reached XP level 4. HP: 18/18 MP: 1/8
  2124 | D:3      | Learned a level 4 spell: Fulminant Prism
  2160 | D:3      | Noticed a black bear
  2180 | D:3      | Killed a black bear
  2181 | D:3      | Reached skill level 3 in Hexes
  2181 | D:3      | Reached XP level 5. HP: 21/21 MP: 1/9
  2465 | D:2      | Identified a scroll of acquirement
  2583 | D:2      | Noticed Natasha
  2585 | D:2      | Killed Natasha
  2628 | D:2      | Noticed Natasha
  2696 | D:2      | Killed Natasha
  2880 | D:2      | Noticed Robin
  2888 | D:2      | Reached skill level 4 in Hexes
  3057 | D:2      | Noticed Natasha
  3061 | D:2      | Killed Natasha
  3154 | D:2      | Killed Robin
  3155 | D:2      | Gained mutation: You are covered in thick fur. (AC +2)
                  | [Felid growth]
  3155 | D:2      | Reached XP level 6. HP: 24/24 MP: 2/10
  3267 | D:3      | Noticed Jessica
  3272 | D:3      | Killed Jessica
  3273 | D:3      | Reached skill level 6 in Conjurations
  3325 | D:3      | Reached skill level 5 in Hexes
  3726 | D:3      | Reached skill level 6 in Hexes
  3891 | D:1      | Bought a wand of roots (5) for 90 gold pieces
  4226 | D:4      | Found a transporter.
  4449 | D:4      | Found a shimmering altar of Xom.
  4702 | D:4      | Reached skill level 3 in Dodging
  4702 | D:4      | Reached skill level 3 in Stealth
  4702 | D:4      | Reached skill level 7 in Hexes
  4702 | D:4      | Reached XP level 7. HP: 28/28 MP: 1/11
  4757 | D:4      | Reached skill level 1 in Fighting
  4948 | D:4      | Found a transporter.
  4951 | D:4      | Noticed crawlogic's ghost (amateur DsBe)
  5485 | D:5      | Entered Level 5 of the Dungeon
  5600 | D:5      | Reached skill level 4 in Stealth
  5719 | D:5      | Reached skill level 2 in Fighting
  5719 | D:5      | Reached skill level 4 in Dodging
  5889 | D:4      | Reached skill level 3 in Spellcasting
  5970 | D:5      | Noticed a wyvern
  5970 | D:5      | Noticed Pikel
  6331 | D:5      | Killed a wyvern
  6332 | D:5      | Reached XP level 8. HP: 34/34 MP: 1/13
  6355 | D:5      | Reached skill level 5 in Stealth
  6539 | D:5      | Reached skill level 3 in Fighting
  6539 | D:5      | Reached skill level 5 in Dodging
  6813 | D:5      | Reached skill level 4 in Spellcasting
  6988 | D:5      | Reached skill level 6 in Dodging
  7128 | D:5      | Got the Parchment of Malediction and Frostbite
  7228 | D:5      | Killed Pikel
  7229 | D:5      | Reached skill level 7 in Dodging
  7229 | D:5      | Reached skill level 4 in Transmutations
  7291 | D:5      | Learned a level 5 spell: Irradiate
  7666 | D:6      | Reached XP level 9. HP: 32/37 MP: 4/16
  8079 | D:6      | Reached skill level 5 in Transmutations
  8386 | D:6      | Identified the +5 sling "Xeyhudeu" {flame, rElec Str+2
                  | Dex-4}
  8461 | D:6      | Found a staircase to the Ecumenical Temple.
  8477 | Temple   | Entered the Ecumenical Temple
  8514 | Temple   | Became a worshipper of Qazlal Stormbringer
  8704 | D:6      | Found Bihijiyt's Vocational Training.
  8712 | D:6      | Acquired 1240 gold pieces
  8714 | D:6      | Bought a manual of Invocations for 1120 gold pieces
  9141 | D:7      | Reached skill level 5 in Spellcasting
  9265 | D:7      | Reached skill level 6 in Transmutations
  9397 | D:7      | Reached skill level 7 in Conjurations
  9534 | D:7      | Reached * piety under Qazlal
  9970 | D:7      | Found a glowing silver altar of Zin.
 10126 | D:8      | Reached skill level 7 in Transmutations
 10130 | D:8      | Reached skill level 6 in Spellcasting
 10357 | D:8      | Found Icastaug's One-of-a-Kind Rings.
 10515 | D:8      | Reached XP level 10. HP: 42/42 MP: 9/20
 10998 | D:8      | Noticed an elephant
 11000 | D:8      | Found a staircase to the Lair.
 11016 | D:8      | Reached skill level 8 in Conjurations
 11158 | D:8      | Reached skill level 8 in Transmutations
 11158 | D:8      | Reached skill level 1 in Invocations
 11158 | D:8      | Killed an elephant
 11159 | D:8      | Reached skill level 2 in Invocations
 11159 | D:8      | Reached skill level 1 in Evocations
 11846 | D:9      | Found a sparkling altar of Nemelex Xobeh.
 11846 | D:9      | Found a shadowy altar of Dithmenos.
 11848 | D:9      | Found a basalt altar of Yredelemnul.
 11866 | D:9      | Reached ** piety under Qazlal
 11867 | D:9      | Reached skill level 2 in Evocations
 11903 | D:9      | Reached skill level 3 in Invocations
 11930 | D:9      | Acquired 760 gold pieces
 11993 | D:8      | Bought the ring of Okawaru's Supremacy {rPois Str+6 Int+6}
                  | for 837 gold pieces
 12070 | D:9      | Found an ancient bone altar of Kikubaaqudgha.
 12593 | D:10     | Entered Level 10 of the Dungeon
 12751 | D:10     | Noticed a two-headed ogre
 12776 | D:10     | Reached skill level 4 in Invocations
 12776 | D:10     | Reached skill level 3 in Evocations
 12778 | D:10     | Killed a two-headed ogre
 12779 | D:10     | Reached skill level 5 in Invocations
 13176 | D:10     | Reached skill level 7 in Spellcasting
 13176 | D:10     | Reached skill level 4 in Evocations
 13284 | D:10     | Noticed a two-headed ogre
 13291 | D:10     | Killed a two-headed ogre
 13292 | D:10     | Reached skill level 6 in Invocations
 13302 | D:10     | Noticed Grum
 13309 | D:10     | Reached XP level 11. HP: 41/45 MP: 3/23
 13311 | D:10     | Killed Grum
 13358 | D:10     | Noticed Urug
 13373 | D:10     | Killed Urug
 13374 | D:10     | Reached skill level 9 in Transmutations
 13635 | D:10     | Noticed a two-headed ogre
 13670 | D:10     | Killed a two-headed ogre
 13671 | D:10     | Reached skill level 7 in Invocations
 14220 | D:10     | Reached *** piety under Qazlal
 14366 | D:10     | Gained mutation: You have a pair of small horns on your
                  | head. [potion of mutation]
 14366 | D:10     | Gained mutation: Your mind is acute. (Int +4, Str/Dex -1)
                  | [potion of mutation]
 14376 | D:10     | Learned a level 7 spell: Dragon Form
 14389 | D:11     | Reached skill level 8 in Spellcasting
 14389 | D:11     | Reached skill level 8 in Invocations
 14389 | D:11     | Noticed a boulder beetle
 14478 | D:11     | Reached skill level 10 in Transmutations
 14478 | D:11     | Killed a boulder beetle
 14811 | D:11     | Noticed a two-headed ogre
 14823 | D:11     | Killed a two-headed ogre
 14824 | D:11     | Reached skill level 11 in Transmutations
 15123 | D:11     | Reached skill level 12 in Transmutations
 15461 | D:11     | Found a staircase to the Orcish Mines.
 15759 | Lair:1   | Entered Level 1 of the Lair of Beasts
 15878 | Lair:1   | Found a frozen archway.
 15919 | IceCv    | Entered an ice cave
 15925 | IceCv    | Reached **** piety under Qazlal
 15976 | IceCv    | Reached skill level 13 in Transmutations
 15976 | IceCv    | Gained mutation: Your thick and shaggy fur keeps you warm.
                  | (AC +3, rC+) [Felid growth]
 15976 | IceCv    | Reached XP level 12. HP: 48/48 MP: 16/25
 15983 | IceCv    | Noticed a death yak
 15987 | IceCv    | Reached skill level 1 in Unarmed Combat
 15995 | IceCv    | Killed a death yak
 15996 | IceCv    | Reached skill level 2 in Unarmed Combat
 16280 | IceCv    | Noticed a death yak
 16283 | IceCv    | Noticed a death yak
 16285 | IceCv    | Reached skill level 3 in Unarmed Combat
 16289 | IceCv    | Killed a death yak
 16292 | IceCv    | Killed a death yak
 16529 | IceCv    | Noticed a frost giant
 16535 | IceCv    | Killed a frost giant
 16536 | IceCv    | Reached skill level 4 in Unarmed Combat
 16656 | IceCv    | Noticed a death yak
 16662 | IceCv    | Killed a death yak
 16663 | IceCv    | Reached skill level 5 in Unarmed Combat
 16663 | IceCv    | Reached skill level 14 in Transmutations
 16724 | IceCv    | Noticed a death yak
 16726 | IceCv    | Noticed a death yak
 16728 | IceCv    | Noticed a death yak
 16732 | IceCv    | Killed a death yak
 16733 | IceCv    | Reached skill level 6 in Unarmed Combat
 16735 | IceCv    | Killed a death yak
 16740 | IceCv    | Killed a death yak
 16741 | IceCv    | Reached skill level 7 in Unarmed Combat
 16815 | IceCv    | Noticed a death yak
 16823 | IceCv    | Killed a death yak
 16824 | IceCv    | Reached skill level 8 in Unarmed Combat
 16869 | IceCv    | Noticed a death yak
 16873 | IceCv    | Killed a death yak
 17434 | Lair:1   | Reached skill level 9 in Unarmed Combat
 18050 | Lair:2   | Reached XP level 13. HP: 51/51 MP: 19/26
 18260 | Lair:2   | Reached ***** piety under Qazlal
 18471 | Lair:2   | Found a staircase to the Snake Pit.
 18580 | Lair:2   | Reached skill level 4 in Fighting
 19111 | Lair:3   | Found a snail-covered altar of Cheibriados.
 19186 | Lair:3   | Identified the amulet "Cugh" {Spirit rElec}
 19204 | Lair:3   | Identified the +1 leather armour of the Bulwark {+Inv rF+
                  | Stlth+}
 19539 | Lair:3   | Gained mutation: You sometimes lose your temper in combat.
                  | [mutagenic glow]
 19554 | Lair:3   | Lost mutation: Your mind is acute. (Int +4, Str/Dex -1)
                  | [mutagenic glow]
 19963 | Lair:3   | Lost mutation: You sometimes lose your temper in combat.
                  | [potion of mutation]
 19963 | Lair:3   | Lost mutation: You have a pair of small horns on your head.
                  | [potion of mutation]
 19963 | Lair:3   | Gained mutation: You are frail. (-10% HP) [potion of
                  | mutation]
 19964 | Lair:3   | Lost mutation: You are frail. (-10% HP) [potion of
                  | mutation]
 20384 | Lair:4   | Reached skill level 5 in Fighting
 20386 | Lair:4   | Reached skill level 10 in Unarmed Combat
 20488 | Lair:4   | Noticed Konu's ghost (journeyman TeCj)
 20681 | Lair:4   | Found a bloodstained altar of Trog.
 20682 | Lair:4   | Found a transporter.
 20767 | Lair:4   | Found a transporter.
 20799 | Lair:4   | Found a staircase to the Shoals.
 21527 | Lair:5   | Reached skill level 6 in Fighting
 21527 | Lair:5   | Reached skill level 15 in Transmutations
 22318 | Lair:5   | Found a viscous altar of Jiyva.
 22318 | Lair:5   | Found a staircase to the Slime Pits.
 22609 | Lair:6   | Entered Level 6 of the Lair of Beasts
 22615 | Lair:6   | Reached skill level 7 in Fighting
 22615 | Lair:6   | Reached skill level 11 in Unarmed Combat
 22868 | Lair:6   | Reached skill level 8 in Fighting
 22876 | Lair:6   | Reached XP level 14. HP: 63/63 MP: 14/27
 22911 | Lair:6   | Reached skill level 9 in Invocations
 23241 | Lair:6   | Reached skill level 10 in Invocations
 23286 | Lair:6   | Reached skill level 9 in Spellcasting
 23317 | Lair:6   | Reached ****** piety under Qazlal
 23762 | Lair:6   | Reached skill level 11 in Invocations
 23977 | Lair:6   | Identified the ring of Altruism {rN+ Will+ Int+3}
 24696 | Orc:1    | Entered Level 1 of the Orcish Mines
 25104 | Orc:1    | You are sucked into a shaft and drop 1 floor!
 25104 | Orc:2    | Entered Level 2 of the Orcish Mines
 25217 | Orc:1    | Noticed an orc warlord
 25225 | Orc:1    | Killed an orc warlord
 25382 | Orc:1    | Found Pairui's Firing Range.
 25904 | Orc:2    | Reached skill level 12 in Invocations
 25975 | Orc:2    | Reached skill level 10 in Spellcasting
 26127 | Orc:2    | Reached skill level 8 in Dodging
 26501 | Orc:2    | Found Viph's General Store.
 26502 | Orc:2    | Found Buduuph's Antique Weapon Shop.
 26502 | Orc:2    | Found Wuwuch's Jewellery Emporium.
 26502 | Orc:2    | Found Jiheiwog's Assorted Antiques.
 26510 | Orc:2    | Bought a potion of ambrosia for 128 gold pieces
 26510 | Orc:2    | Bought a scroll of poison for 56 gold pieces
 26600 | Orc:2    | Reached XP level 15. HP: 67/67 MP: 30/30
 26608 | Orc:2    | Reached skill level 9 in Fighting
 26843 | Orc:2    | Found a staircase to the Elven Halls.
 27179 | D:12     | Noticed Rupert
 27187 | D:12     | Killed Rupert
 27188 | D:12     | Reached skill level 9 in Dodging
 27210 | D:12     | Found a gate leading to a gauntlet.
 27218 | Gauntlet | Entered a Gauntlet
 27218 | Gauntlet | Found a transporter.
 27218 | Gauntlet | Found a transporter.
 27218 | Gauntlet | Found a transporter.
 27247 | Gauntlet | Found a transporter.
 27260 | Gauntlet | Found a transporter.
 27263 | Gauntlet | Found a transporter.
 27270 | Gauntlet | Found a transporter.
 27289 | Gauntlet | Found a transporter.
 27306 | Gauntlet | Found a transporter.
 27306 | Gauntlet | Found a transporter.
 27315 | Gauntlet | Found a transporter.
 27317 | Gauntlet | Found a transporter.
 27515 | Gauntlet | Identified the ring "Duygof" {+Blink rF+ Will+}
 27834 | D:12     | Reached skill level 12 in Unarmed Combat
 28118 | D:12     | Noticed Frances
 28126 | D:12     | Killed Frances
 28127 | D:12     | Reached skill level 13 in Invocations
 28942 | D:13     | Reached skill level 10 in Dodging
 29051 | D:13     | Found a gate to the Vaults.
 30139 | D:14     | Reached skill level 10 in Fighting
 31024 | D:15     | Entered Level 15 of the Dungeon
 31032 | D:15     | Found Mikhiemu's Jewellery Shoppe.
 31036 | D:15     | Identified the +0 cloak of Suung {rPois Str-2 Int+4}
 31121 | D:15     | Reached skill level 11 in Dodging
 31578 | D:15     | Found a staircase to the Depths.
 32349 | D:15     | Learned a level 3 spell: Ozocubu's Armour
 32608 | Snake:1  | Entered Level 1 of the Snake Pit
 32614 | Snake:1  | Noticed Mlioglotl
 32620 | Snake:1  | Reached XP level 16. HP: 74/74 MP: 11/31
 32621 | Snake:1  | Killed Mlioglotl
 32622 | Snake:1  | Reached skill level 13 in Unarmed Combat
 32625 | Snake:1  | Reached skill level 1 in Ice Magic
 32904 | Snake:1  | Reached skill level 14 in Invocations
 33039 | Snake:1  | Reached skill level 2 in Ice Magic
 33040 | Snake:1  | Reached skill level 11 in Fighting
 33040 | Snake:1  | Reached skill level 12 in Dodging
 33228 | Snake:1  | Found Feowowea's Book Shoppe.
 33235 | Snake:1  | Bought a book of Spatial Translocations for 338 gold pieces
 33235 | Snake:1  | Bought Cutevez's Tome of Clouds and Moulding for 598 gold
                  | pieces
 33238 | Snake:1  | Learned a level 2 spell: Wereblood
 33244 | Snake:1  | Learned a level 5 spell: Manifold Assault
 33392 | Snake:1  | Reached skill level 1 in Translocations
 33631 | Snake:1  | Found Zompuer's Antique Weapon Shop.
 33821 | Snake:2  | Reached skill level 2 in Translocations
 33936 | Snake:2  | Noticed Vashnia
 33944 | Snake:2  | Killed Vashnia
 33945 | Snake:2  | Reached skill level 3 in Translocations
 34330 | Snake:2  | Found Purr's Jewellery Shoppe.
 34333 | Snake:2  | Found Lomeq's Jewellery Emporium.
 34344 | Snake:2  | Found Tuschod's Antique Weapon Shoppe.
 34356 | Snake:2  | Reached skill level 4 in Translocations
 34817 | Snake:2  | Noticed Louise
 34821 | Abyss:2  | Cast into level 2 of the Abyss (Louise)
 34840 | Abyss:2  | Reached skill level 5 in Translocations
 34843 | Abyss:2  | Reached skill level 13 in Dodging
 34874 | Abyss:3  | Killed from afar by a ynoxinul
 34875 | Abyss:3  | Reached XP level 15. HP: -1/106 MP: 27/30
 34875 | Abyss:3  | Found a transporter.
 34893 | Abyss:3  | Noticed a shadow dragon
 34897 | Abyss:3  | Noticed a green draconian monk
 34910 | Abyss:3  | Killed a shadow dragon
 34912 | Abyss:3  | Mangled by a green draconian monk
 34913 | Abyss:3  | Reached XP level 14. HP: -8/102 MP: 19/29
 34921 | Abyss:4  | Found a corrupted altar of Lugonu.
 34924 | Abyss:4  | Noticed a lich
 34929 | Abyss:4  | Noticed a dread lich
 34935 | Abyss:4  | Killed a lich
 34936 | Abyss:4  | Reached skill level 6 in Translocations
 34938 | Snake:2  | Escaped the Abyss
 34945 | Snake:2  | Killed Louise
 35246 | Snake:2  | Reached skill level 12 in Fighting
 35246 | Snake:2  | Reached skill level 14 in Unarmed Combat
 35749 | Snake:3  | Reached XP level 15. HP: 72/72 MP: 22/30
 35757 | Snake:3  | Reached skill level 7 in Translocations
 36017 | Snake:3  | Reached skill level 14 in Dodging
 36317 | Snake:3  | Reached skill level 8 in Translocations
 36334 | Snake:3  | Identified the +0 leather armour of the Armadillo {Dex+4}
 36650 | Snake:4  | Entered Level 4 of the Snake Pit
 36675 | Snake:4  | Found Siowetud's Armour Emporium.
 36675 | Snake:4  | Noticed a nagaraja
 36686 | Snake:4  | Killed a nagaraja
 37233 | Snake:4  | Reached skill level 9 in Translocations
 37243 | Snake:4  | Noticed a nagaraja
 37255 | Snake:4  | Killed a nagaraja
 37491 | Snake:4  | Noticed Nikola
 37500 | Snake:4  | Killed Nikola
 37610 | Snake:4  | Reached skill level 15 in Dodging
 37610 | Snake:4  | Reached skill level 10 in Translocations
 37619 | Snake:4  | Reached skill level 15 in Unarmed Combat
 37626 | Snake:4  | Noticed a nagaraja
 37633 | Snake:4  | Noticed a nagaraja
 37633 | Snake:4  | Killed a nagaraja
 37641 | Snake:4  | Killed a nagaraja
 37643 | Snake:4  | Noticed a nagaraja
 37656 | Snake:4  | Killed a nagaraja
 37882 | Snake:4  | Reached XP level 16. HP: 76/76 MP: 24/31
 38219 | Snake:4  | Reached skill level 16 in Unarmed Combat
 38225 | Snake:4  | Reached skill level 1 in Air Magic
 38660 | Snake:4  | Reached skill level 2 in Air Magic
 38898 | Snake:4  | Got a serpentine rune of Zot
 39292 | Shoals:1 | Entered Level 1 of the Shoals
 39305 | Shoals:1 | Reached skill level 3 in Air Magic
 39421 | Shoals:1 | Reached skill level 4 in Air Magic
 39844 | Shoals:1 | You fall into a shaft and drop 1 floor!
 39853 | Shoals:2 | Reached skill level 5 in Air Magic
 40016 | Shoals:1 | Reached skill level 6 in Air Magic
 41023 | Shoals:2 | Reached skill level 7 in Air Magic
 41023 | Shoals:2 | Found Tooch's General Store.
 41026 | Shoals:2 | Bought a scroll of fog for 34 gold pieces
 41026 | Shoals:2 | Bought a scroll of fog for 34 gold pieces
 41265 | Shoals:2 | Found Curghozxo's Jewellery Boutique.
 41265 | Shoals:2 | Found Rammo's Assorted Antiques.
 41284 | Shoals:2 | Bought a wand of roots (5) for 76 gold pieces
 41284 | Shoals:2 | Bought a scroll of magic mapping for 66 gold pieces
 41366 | Shoals:2 | Reached skill level 8 in Air Magic
 41951 | Snake:1  | Bought an Inescapable Atlas for 442 gold pieces
 41954 | Snake:1  | Learned a level 2 spell: Blink
 41964 | Snake:1  | Learned a level 7 spell: Storm Form
 42212 | Shoals:3 | Reached skill level 9 in Air Magic
 42429 | Shoals:3 | Noticed Bai Suzhen
 42440 | Shoals:3 | Killed Bai Suzhen
 42678 | Shoals:3 | Found Tillinaq's Jewellery Boutique.
 42712 | Shoals:3 | Reached XP level 17. HP: 79/79 MP: 24/32
 43144 | Shoals:4 | Entered Level 4 of the Shoals
 43144 | Shoals:4 | Noticed Polyphemus
 43169 | Shoals:3 | Killed Polyphemus
 43170 | Shoals:3 | Reached skill level 10 in Air Magic
 43481 | Shoals:4 | Paralysed by an air elemental for 1 turns
 43638 | Shoals:4 | Reached skill level 11 in Air Magic
 43757 | Shoals:4 | Reached skill level 12 in Air Magic
 44053 | Shoals:4 | Found a burning altar of Makhleb.
 44131 | Shoals:4 | Paralysed by an air elemental for 1 turns
 44488 | Shoals:4 | Identified the +8 plate armour of Pride {rElec Dex+2}
 44490 | Shoals:4 | Got a barnacled rune of Zot
 44733 | Snake:2  | Bought the ring of Suicidal Tendencies {rPois rF+ rN+ Will+
                  | Dex-3} for 562 gold pieces
 44992 | D:15     | Bought the amulet of the Little Devil {RegenMP rN+++ Int+2
                  | Dex-3 Stlth+} for 997 gold pieces
 45189 | Elf:1    | Entered Level 1 of the Elven Halls
 45209 | Elf:1    | Reached skill level 13 in Air Magic
 45356 | Elf:1    | Found Doangon's Antique Weapon Shop.
 45359 | Elf:1    | Found Oshrag's Assorted Antiques.
 45359 | Elf:1    | Found Duvatt's Jewellery Boutique.
 45364 | Elf:1    | Found Riugo's Antique Weapon Boutique.
 45626 | Elf:1    | Reached XP level 18. HP: 84/84 MP: 33/33
 45934 | Elf:1    | Got Sif Muna's Incunable of Beckoning
 45981 | Elf:1    | Found Boatt's Jewellery Boutique.
 46334 | Elf:2    | Reached skill level 14 in Air Magic
 46337 | Elf:2    | Paralysed by an air elemental for 1 turns
 46552 | Elf:2    | Found a runed translucent gate.
 46554 | Elf:2    | Found a runed translucent gate.
 46554 | Elf:2    | Found Coaneap's Assorted Antiques.
 46555 | Elf:2    | Found a runed translucent gate.
 46555 | Elf:2    | Found an opulent altar of Gozag.
 46555 | Elf:2    | Noticed Tiorril's ghost (adept GrEE)
 46675 | Elf:2    | Found a runed translucent gate.
 46676 | Elf:2    | Found a runed translucent gate.
 46676 | Elf:2    | Found a runed translucent gate.
 46901 | Elf:3    | Entered Level 3 of the Elven Halls
 47175 | Elf:3    | Reached skill level 11 in Spellcasting
 47176 | Elf:3    | Reached skill level 13 in Fighting
 47914 | Elf:3    | Identified the ring "Keuryifeur" {rC- rN+ Int+3 Dex+6}
 47917 | Elf:3    | Identified the ring "Kacojech" {rF++ MP+9}
 48371 | Elf:3    | Identified the +1 leather armour "Ititz" {rF+ Slay+3}
 48377 | Elf:3    | Identified the +4 falchion of the Shoals {flame, rElec rN+
                  | Stlth+}
 48383 | Elf:3    | Identified the +3 mace of the Extremely Mad {vorpal, rF+
                  | Str+3}
 48388 | Elf:3    | Identified the +7 flail "Naepus" {vorpal, *Corrode Will+
                  | Str+2 Dex+7}
 48408 | Elf:3    | Identified the +9 mace of Gloom {flame, rC+ rCorr Str-3
                  | Int+8}
 48781 | Vaults:1 | Entered Level 1 of the Vaults
 48828 | Vaults:1 | Reached skill level 15 in Air Magic
 48833 | Vaults:1 | Reached XP level 19. HP: 71/90 MP: 35/35
 48837 | Vaults:1 | Reached skill level 12 in Spellcasting
 48842 | Vaults:1 | Reached skill level 14 in Fighting
 50585 | Vaults:2 | Reached skill level 13 in Spellcasting
 50603 | Vaults:2 | Reached skill level 15 in Fighting
 50704 | Vaults:2 | Found a flickering gateway to a bazaar.
 50718 | Bazaar   | Entered a bazaar
 50879 | Bazaar   | Found Dihi's Book Shoppe.
 50895 | Bazaar   | Found Wanwess's Antique Armour Shoppe.
 50895 | Bazaar   | Found Heimyhy's Book Emporium.
 50917 | Bazaar   | Found Azibrad's Assorted Antiques.
 50917 | Bazaar   | Found Mameaqos's Antique Weapon Emporium.
 50922 | Bazaar   | Bought a potion of attraction for 78 gold pieces
 50922 | Bazaar   | Bought a potion of haste for 260 gold pieces
 50922 | Bazaar   | Bought a scroll of teleportation for 78 gold pieces
 51636 | Vaults:2 | Reached skill level 16 in Fighting
 51681 | Vaults:2 | Noticed Asterion
 51692 | Vaults:2 | Killed Asterion
 51726 | Vaults:2 | Noticed Saint Roka
 52126 | Vaults:2 | Killed Saint Roka
 52805 | Vaults:2 | Reached skill level 17 in Fighting
 52824 | Vaults:2 | Reached XP level 20. HP: 57/100 MP: 29/38
 53496 | Vaults:2 | Noticed Mennas
 53505 | Vaults:2 | Killed Mennas
 53506 | Vaults:2 | Reached skill level 18 in Fighting
 53827 | Vaults:3 | Found a portal to a secret trove of treasure.
 53834 | Vaults:3 | Reached skill level 5 in Evocations
 53866 | Vaults:3 | Found a magical portal.
 53916 | WizLab   | Entered Lehudib's Moon Base
 53929 | WizLab   | Reached skill level 6 in Evocations
 54367 | WizLab   | Reached skill level 16 in Dodging
 54631 | WizLab   | Reached skill level 7 in Evocations
 54891 | WizLab   | Found a transporter.
 54909 | WizLab   | Reached skill level 8 in Evocations
 54931 | WizLab   | Reached skill level 17 in Dodging
 55256 | WizLab   | Found a transporter.
 55509 | WizLab   | Reached skill level 9 in Evocations
 55531 | WizLab   | Identified the +9 flail of Pidoorgh {freeze, Str+3}
 55532 | WizLab   | Identified the ring "Ryegosing" {Fly MP+9 Int+5}
 55594 | WizLab   | Got Lehudib's Treatise on Terra Firma and the Excursion
 56074 | Vaults:3 | Reached XP level 21. HP: 106/106 MP: 32/39
 56514 | Vaults:3 | Reached skill level 18 in Dodging
 56519 | Vaults:3 | Reached skill level 10 in Evocations
 56607 | Vaults:3 | Identified the +4 plate armour of Baed {rF++ rCorr Str+6}
 56718 | Vaults:3 | You are sucked into a shaft and drop 1 floor!
 56897 | Vaults:4 | Reached skill level 19 in Dodging
 57118 | Vaults:3 | Found a staircase to the Crypt.
 57118 | Vaults:3 | Found an ancient bone altar of Kikubaaqudgha.
 57118 | Vaults:3 | Found a basalt altar of Yredelemnul.
 57580 | Vaults:4 | Reached skill level 20 in Dodging
 58549 | Vaults:4 | Reached skill level 17 in Unarmed Combat
 59353 | Depths:1 | Entered Level 1 of the Depths
 59405 | Depths:1 | Reached skill level 18 in Unarmed Combat
 60312 | Depths:1 | Found a gateway to Hell.
 60315 | Depths:1 | Reached XP level 22. HP: 76/110 MP: 35/40
 60576 | Depths:1 | Reached skill level 19 in Unarmed Combat
 60578 | Depths:1 | Found a one-way gateway to a ziggurat.
 60912 | Depths:1 | Found a one-way gate to the infinite horrors of the Abyss.
 61569 | Depths:2 | Found an iron altar of Okawaru.
 61737 | Depths:2 | Reached skill level 20 in Unarmed Combat
 61896 | Depths:2 | Acquired 514 gold pieces
 62209 | Elf:1    | Bought a scroll of acquirement for 1820 gold pieces
 62209 | Elf:1    | Acquired 606 gold pieces
 62211 | Elf:1    | Bought a scroll of immolation for 122 gold pieces
 62211 | Elf:1    | Bought a potion of magic for 280 gold pieces
 62572 | Depths:2 | Noticed a juggernaut
 62579 | Depths:2 | Mangled by a juggernaut
 62580 | Depths:2 | Reached XP level 21. HP: -11/106 MP: 34/39
 63058 | Depths:2 | Killed a juggernaut
 63379 | Depths:2 | Noticed a golden dragon
 63390 | Depths:2 | Killed a golden dragon
 63391 | Depths:2 | Reached skill level 21 in Unarmed Combat
 64294 | Depths:3 | Noticed a juggernaut
 64303 | Depths:3 | Killed a juggernaut
 64666 | Depths:3 | Noticed Frederick
 64672 | Depths:3 | Noticed Vv
 64676 | Depths:3 | Killed Frederick
 64682 | Depths:3 | Killed from afar by Vv
 64683 | Depths:3 | Reached XP level 20. HP: -5/103 MP: 38/38
 64683 | Depths:3 | Found Big Baal Hell's Store.
 64693 | Depths:3 | Reached XP level 21. HP: 106/106 MP: 32/39
 64699 | Depths:3 | Reached skill level 11 in Evocations
 64847 | Depths:3 | Noticed a golden dragon
 64854 | Depths:3 | Killed a golden dragon
 64931 | Depths:3 | Demolished by Vv

Illustrated notes

Levels and vault maps discovered:
D:1:      dpeg_arrival_tiny_a, layout_basic, serial_shops,
          nicolae_lakefront_shop
D:2:      layout_basic, shapermc_ecumenical_altar_acropolis, nrook_mini_vaults,
          uniq_robin, uniq_natasha
D:3:      layout_loops_ring, nicolae_overflow_hidden_temple,
          kennysheep_cross_room, st_stairs_5, uniq_jessica
D:4:      layout_cave_pods, overflow_temple_1_default, gammafunk_ghost_mausoleum
D:5:      layout_rooms, hangedman_abyss_or_decor_jellyfish_corner,
          grunt_ministairs_14, minmay_misc_feat_chi, uniq_pikel
D:6:      layout_gridville, minmay_temple_entry_glassed_door,
          nicolae_shop_vocational
D:7:      layout_rooms, zin_scriptorium, kennysheep_generic_room_4
D:8:      layout_loops_corners, david_lair_generic, nicolae_shop_unique_rings
D:9:      layout_gridville, chequers_temple_overflow_statue_of_worship,
          nicolae_kikubaaqudgha_miasma_corner
D:10:     layout_roguey, minmay_fractal_squares_gapless_7, uniq_grum, uniq_urug
D:11:     layout_gridville, hiddenorc1_lemuel
D:12:     layout_gridville, gauntlet_entry_generic, uniq_frances, uniq_rupert
D:13:     layout_stronghold, david_vaults_4
D:14:     layout_irregular_city, hangedman_decor_lopped
D:15:     gammafunk_depths_entry_grave, layout_gridville, minmay_misc_feat_tiny,
          serial_shops, shop
Temple:   hellmonk_temple_forest_ring
Lair:1:   layout_roguey, portal_ice_cave_entry_imps, serial_bayou_shore_a,
          grunt_megastairs_1
Lair:2:   layout_roguey, dummy_snake_entry, grunt_megastairs_4
Lair:3:   layout_roguey, basic_altar, eino_house_with_fridge,
          infiniplex_staircase_pool_2
Lair:4:   layout_small_grid, minmay_shoals_entry_beasts,
          gammafunk_ghost_wrathful_warriors
Lair:5:   layout_loops_ring, dpeg_slime_entry_enclosed, grunt_megastairs_5
Lair:6:   minmay_lair_end_frog_pond, layout_cave_pods, patterned_corridor
Shoals:1: layout_shoals
Shoals:2: layout_shoals, serial_shops, shop, nicolae_shop_advertising_works
          [nicolae_subvault_shop_adworks], nicolae_shop_behind_doors
Shoals:3: layout_shoals, serial_shops, nicolae_shop_hallway_stairs,
          uniq_bai_suzhen
Shoals:4: shoals_end_hellmonk_storm_palace [storm_palace_center_square,
          storm_palace_corner_altar, storm_palace_corner_reverse_hut,
          storm_palace_corner_blocked, storm_palace_corner_grid],
          uniq_polyphemus
Snake:1:  layout_misc_corridors, serial_shops, shop, nicolae_shop_hallway_plus,
          abandoned_shop, nicolae_snake_single_loop, grunt_megastairs_3,
          uniq_mlioglotl
Snake:2:  layout_onion_interference, serial_bayou_shore_b, minmay_shop_star,
          uniq_louise, uniq_vashnia
Snake:3:  layout_misc_corridors
Snake:4:  johnstein_snake_rune_scales, layout_cave_town, serial_shops,
          shop_coins, lemuel_fruit_tree, serial_bayou_shore_b, uniq_nikola
Orc:1:    layout_caves, basic_altar, nicolae_shop_firing_range
Orc:2:    st_orc_ogre_mass, layout_caves, rock_pile
Elf:1:    eino_elf_arrival_sip, layout_loops_cross, serial_shops,
          nicolae_square_shop, minmay_elf_demonology, minmay_shoptagon
Elf:2:    nicolae_elf_blades_crystal_corner, layout_rooms, ebering_ghost_gozag,
          uniq_zenata
Elf:3:    minmay_elf_hall_statues, layout_geoelf_octagon
Vaults:1: vaults_dpeg_cross, nicolae_vaults_ninety_degrees,
          nicolae_vaults_little_squares_4, nicolae_vaults_big_angled_halls,
          v_misc_8, vaults_standard_mumra_lines,
          nicolae_vaults_big_angled_halls, nicolae_vaults_sealed_display,
          ontoclasm_vaults_loading_screen, layout_vaults_big_room
Vaults:2: nicolae_vaults_minivaults, v_rooms_1, nicolae_vaults_arrows,
          ontoclasm_vaults_ring_small, v_misc_9, nicolae_vaults_asterisk,
          vaults_dpeg_encased_lava, vaults_room_corners, ontoclasm_vaults_idyll,
          vaults_room_pools, v_misc_11, layout_vaults_maze_bifur, serial_shops,
          bzr_entry_islet, uniq_mennas, uniq_asterion, uniq_saint_roka
Vaults:3: mu_enter_wizlab_6, nicolae_vaults_hallways_thing,
          nicolae_vaults_network_quinsquares
          [nicolae_vaults_network_quincunx_subvault,
          nicolae_vaults_network_quincunx_subvault,
          nicolae_vaults_network_quincunx_subvault,
          nicolae_vaults_network_quincunx_subvault], vaults_dpeg_doors,
          special_room_vaults [special_room_orc], minmay_crypt_entry_necro_gods,
          nicolae_vaults_stairing_the_circle, nicolae_vaults_twisting_passages,
          hangedman_vaults_stagger, vaults_room_fours, v_misc_25,
          ontoclasm_vaults_gateway, hangedman_vaults_capsules,
          grunt_vaults_hallway_long, layout_vaults_big_cross, enter_trove_0
Vaults:4: nicolae_vaults_ring_of_whatevers, grunt_vaults_diagonal, v_misc_1,
          vaults_mumra_minichess_inversion, v_misc_23, v_misc_30,
          nicolae_vaults_quadrants, dpeg_vaults_monster_row,
          hangedman_vaults_restitches, v_misc_33, serial_ice_b,
          vaults_room_semicircle, nicolae_vaults_little_squares_6, v_misc_16,
          vaults_dpeg_ring, layout_vaults_ring
Depths:1: layout_roguey, enter_ziggurat_c, abyss_entry, hellmouth_3,
          glass_columns_a, hangedman_stitches_earthworm
Depths:2: nzn_winding_woodlands_large [nzn_winding_woodlands_5x5_checkerboard,
          nzn_winding_woodlands_5x15_split_checker,
          nzn_winding_woodlands_5x5_closed_star,
          nzn_winding_woodlands_center_diamonds,
          nzn_winding_woodlands_15x15_boxy_spiral,
          nzn_winding_woodlands_center_lodge,
          nzn_winding_woodlands_5x5_open_star, nzn_winding_woodlands_5x15_pool,
          nzn_winding_woodlands_hourglass], layout_gridlike,
          marbit_kobold_abyss_entry, hangedman_abyss_or_decor_passed,
          rand_demon_pan_entry_9, hell_entry, okawaru_ov_weapons_minmay,
          infiniplex_staircase_pillars_1
Depths:3: kb_forest_paths, layout_basic, abyss_entry,
          nicolae_hell_entry_big_baal_hell, chequers_serial_rivers_marsh,
          uniq_vv, uniq_frederick, uniq_enchantress

Skill      XL: |  1  2  3  4  5  6  7  8  9 10 11 12 13 14 15 16 17 18 19 20 21 22 |
---------------+-------------------------------------------------------------------+-----
Conjurations   | 4 5 6 7 8 |  8.0
Hexes          | 3 4 7 |  7.0
Dodging        | 3 4 7 8 15 13 17 20 | 20.0
Stealth        | 3 4 5 |  5.0
Fighting       | 2 3 8 12 10 11 13 17 18 | 18.5
Spellcasting   | 3 4 6 7 8 10 11 13 | 13.0
Transmutations | 4 7 8 13 14 15 | 15.0
Invocations    | 6 8 12 13 14 | 14.0
Evocations     | 4 9 11 | 11.2
Unarmed Combat | 9 11 14 15 16 21 20 | 21.7
Ice Magic      | 2 |  2.3
Translocations | 6 10 5 | 10.0
Air Magic      | 9 13 15 | 15.0

Action                   |  1- 3 |  4- 6 |  7- 9 | 10-12 | 13-15 | 16-18 | 19-21 | 22-24 || total
-------------------------+-------+-------+-------+-------+-------+-------+-------+-------++-------
Melee: Unarmed           |     5 |       |     7 |   134 |   778 |   885 |  1154 |   178 ||  3141
       Bite              |     1 |       |       |    22 |    96 |    58 |     1 |       ||   178
       Punch             |       |       |     1 |     8 |    65 |    92 |   183 |    29 ||   378
       Headbutt          |       |       |       |    13 |     5 |       |       |       ||    18
       Tailslap          |       |       |       |    18 |   120 |    74 |     1 |       ||   213
 Cast: Magic Dart        |    62 |    58 |    75 |    25 |       |       |       |       ||   220
       Searing Ray       |     5 |    19 |    40 |     7 |       |       |       |       ||    71
       Fulminant Prism   |       |     2 |    47 |    57 |    11 |       |       |       ||   117
       Irradiate         |       |       |       |    39 |    30 |    19 |     9 |       ||    97
       Dragon Form       |       |       |       |    11 |    86 |    32 |     2 |       ||   131
       Wereblood         |       |       |       |       |    10 |    49 |    67 |    13 ||   139
       Ozocubu's Armour  |       |       |       |       |     2 |       |       |       ||     2
       Manifold Assault  |       |       |       |       |       |    29 |    32 |     9 ||    70
       Storm Form        |       |       |       |       |       |    33 |    86 |    14 ||   133
       Blink             |       |       |       |       |       |       |     7 |       ||     7
Invok: Upheaval          |       |       |       |     2 |     3 |     5 |       |       ||    10
       Elemental Force   |       |       |       |       |     6 |     3 |     6 |       ||    15
       Disaster Area     |       |       |       |       |     3 |       |     1 |       ||     4
 Abil: Breathe Fire      |       |       |       |       |     7 |     2 |       |       ||     9
       Blinkbolt         |       |       |       |       |       |    16 |    40 |     4 ||    60
Evoke: Wand              |       |       |     1 |     2 |     6 |       |       |       ||     9
       Condenser vane    |       |       |       |       |     2 |     1 |     5 |       ||     8
       Phantom mirror    |       |       |       |       |       |       |     2 |     1 ||     3
       Phial of floods   |       |       |       |       |       |       |     3 |       ||     3
  Use: Scroll            |     2 |     4 |     6 |     5 |    13 |     6 |     8 |     2 ||    46
       Potion            |       |       |       |     2 |     5 |     2 |     1 |       ||    10
 Stab: Sleeping          |       |       |     1 |       |       |       |       |       ||     1
       Paralysed         |       |       |       |       |     1 |       |     6 |       ||     7
       Distracted        |       |       |       |       |     1 |       |     2 |       ||     3
       Petrified         |       |       |       |       |       |     3 |       |       ||     3
Armor: Skin              |       |       |     5 |    45 |   283 |   200 |   100 |    20 ||   653
Dodge: Dodged            |     8 |    11 |    92 |   137 |   311 |   620 |   807 |   127 ||  2113
       Repelled          |       |       |       |     3 |    12 |    30 |     5 |     1 ||    51
Block: Other             |       |     1 |    25 |    83 |   467 |   458 |   253 |    32 ||  1319
       Reflection        |       |       |     5 |     4 |    51 |    40 |       |       ||   100

Table legend: (Time is in decaauts)
 A = Elapsed time spent in this place.
 B = Non-inter-level travel time spent in this place.
 C = Inter-level travel time spent in this place.
 D = Time resting spent in this place.
 E = Time spent auto-exploring this place.
 F = Levels seen in this place.
 G = Mean time per level.
                   A        B        C        D        E       F      G
               +--------+--------+--------+--------+--------+-----+--------+
         Total |  59677 |  55977 |   3700 |   9767 |  36952 |  49 | 1217.9 |
       Dungeon |  20651 |  18971 |   1680 |   5010 |  11424 |  15 | 1376.7 |
        Temple |     42 |     31 |     11 |      0 |     18 |   1 |   42.0 |
          Lair |   7666 |   7006 |    660 |   1447 |   4663 |   6 | 1277.7 |
        Shoals |   4596 |   4465 |    131 |    795 |   2855 |   4 | 1149.0 |
     Snake Pit |   5881 |   5618 |    263 |    982 |   3700 |   4 | 1470.2 |
  Orcish Mines |   2418 |   2121 |    297 |     88 |   1703 |   2 | 1209.0 |
   Elven Halls |   3188 |   2975 |    213 |    183 |   2145 |   3 | 1062.7 |
        Vaults |   7542 |   7346 |    196 |    353 |   5679 |   4 | 1885.5 |
        Depths |   4178 |   3932 |    246 |      0 |   3124 |   3 | 1392.7 |
         Abyss |    102 |    102 |      0 |      0 |      0 |   3 |   34.0 |
        Bazaar |    211 |    211 |      0 |      0 |    204 |   1 |  211.0 |
      Ice Cave |   1175 |   1175 |      0 |    477 |    375 |   1 | 1175.0 |
        Wizlab |   1588 |   1588 |      0 |    369 |    811 |   1 | 1588.0 |
      Gauntlet |    433 |    433 |      0 |     62 |    246 |   1 |  433.0 |
               +--------+--------+--------+--------+--------+-----+--------+

Top non-repeatable levels by time:
Vaults:2: 2488 daAuts
     D:4: 2315 daAuts
Depths:2: 2246 daAuts
    D:13: 2100 daAuts
    D:15: 1983 daAuts
 Snake:2: 1952 daAuts
 Snake:4: 1885 daAuts
    D:10: 1798 daAuts
  Lair:4: 1784 daAuts
Vaults:3: 1762 daAuts
Vaults:4: 1664 daAuts
   Orc:2: 1653 daAuts
Vaults:1: 1627 daAuts
  WizLab: 1588 daAuts
   Elf:3: 1538 daAuts
